 Dungeon Crawl Stone Soup version 0.29.0-4-gdea44cf6ec (webtiles) character file.

Game seed: 3707294388686034746

808 Flugkiller the Chopper (level 7, -5/62 HPs)
             Began as a Minotaur Fighter on Aug 26, 2022.
             Was a Follower of Qazlal.
             Slain by an ogre
             ... wielding a +0 giant club
              (23 damage)
             ... on level 4 of the Dungeon.
             The game lasted 00:01:39 (3622 turns).

Flugkiller the Chopper (Minotaur Fighter)           Turns: 3622, Time: 00:01:40

Health: -5/62      AC:  7    Str: 20    XL:     7   Next: 60%
Magic:  8/8        EV:  9    Int:  5    God:    Qazlal [*.....]
Gold:   191        SH:  6    Dex: 12    Spells: 6/6 levels left

rFire   + . .      SeeInvis .   a - +0 war axe
rCold   . . .      Faith    .   c - +0 buckler
rNeg    . . .      Spirit   .   b - +0 scale mail
rPois   .          Reflect  .   (helmet restricted)
rElec   .          Harm     .   (no cloak)
rCorr   .          Rampage  .   (no gloves)
Will    .....                   (no boots)
Stlth   ..........              (no amulet)
HPRegen 0.20/turn               f - ring of protection from fire
MPRegen 0.11/turn               (no ring)

@: no status effects
A: horns 2, retaliatory headbutt
a: Renounce Religion


You were on level 4 of the Dungeon.
You worshipped Qazlal.
Qazlal was aware of your devotion.
You visited 1 branch of the dungeon, and saw 4 of its levels.

You collected 191 gold pieces.

Inventory:

Hand Weapons
 a - a +0 war axe (weapon)
Missiles
 v - 6 boomerangs (quivered)
Armour
 b - a +0 scale mail (worn)
 c - a +0 buckler (worn)
 h - a scarf of shadows
   (You found it on level 1 of the Dungeon)
Jewellery
 e - a ring of positive energy
   (You found it on level 1 of the Dungeon)
 f - a ring of protection from fire (left hand)
   (You found it on level 2 of the Dungeon)
Wands
 u - a wand of acid (10)
   (You found it on level 3 of the Dungeon)
Scrolls
 g - a scroll of brand weapon {unknown}
 j - 5 scrolls of identify {unknown}
 o - a scroll of vulnerability {unknown}
 p - 2 scrolls of teleportation {unknown}
 s - 2 scrolls of fog {unknown}
 t - 2 scrolls of torment {unknown}
Potions
 d - a potion of resistance {unknown}
 i - 2 potions of cancellation {unknown}
 k - 2 potions of lignification {unknown}
 l - 2 potions of flight {unknown}
 m - a potion of attraction {unknown}
 n - 2 potions of mutation {unknown}
 q - 2 potions of berserk rage {unknown}
 r - 4 potions of curing {unknown}
 w - a potion of heal wounds {unknown}


   Skills:
 + Level 5.9 Fighting
 * Level 7.1 Axes
 + Level 5.9 Armour
 - Level 3.6 Shields
 + Level 2.9 Invocations


You had 6 spell levels left.
You didn't know any spells.
Your spell library was empty.

Dungeon Overview and Level Annotations

Branches:
Dungeon (4/15)
 Temple: D:4-7

Altars:
Hepliaklqana
Makhleb
Qazlal
Uskayaw
Yredelemnul


Innate Abilities, Weirdness & Mutations

You have a pair of horns on your head.
You reflexively headbutt those who attack you in melee.


Message History

You climb upwards.
There is a stone staircase leading down here.
You start waiting.
Your transformation is almost over.
You feel less porcine.
Your +0 war axe unmelds from your body.
Your +0 buckler unmelds from your body.
Your +0 scale mail unmelds from your body.
Your ring of protection from fire unmelds from your body.
You climb downwards.
Level annotation: Eustachio The bat hits you but does no damage.
The bat barely misses you. You furiously retaliate!
You headbutt the bat!
You kill the bat!
The bat's corpse disappears in a puff of smoke!
The rat barely misses you. You furiously retaliate!
You headbutt the rat.
You kill the rat!
The rat's corpse disappears in a puff of smoke!
There is a stone staircase leading up here.
Eustachio zaps a wand.
You resist with some effort.
The now-empty wand crumbles to dust.
You hit Eustachio. Your headbutt misses Eustachio.
Eustachio is lightly wounded.
You block Eustachio's attack.
Eustachio mumbles some strange words.
Eustachio blinks!
Eustachio hits you with a +0 falchion.
You hit Eustachio but do no damage.
Eustachio is lightly wounded.
Eustachio gestures wildly while chanting.
Eustachio blinks!
You closely miss Eustachio.
Eustachio is lightly wounded.
Eustachio hits you but does no damage.
You slash Eustachio! Your headbutt misses Eustachio.
Eustachio is moderately wounded.
Eustachio hits you with a +0 falchion.
You barely miss Eustachio. You headbutt Eustachio.
Eustachio is heavily wounded.
Eustachio hits you but does no damage.
You closely miss Eustachio. Your headbutt misses Eustachio.
Eustachio is heavily wounded.
You block Eustachio's attack. Eustachio barely misses you.
You furiously retaliate!
You headbutt Eustachio. You completely miss Eustachio.
Eustachio is heavily wounded.
Eustachio hits you but does no damage.
You slash Eustachio! Your headbutt misses Eustachio.
Eustachio is severely wounded.
Eustachio casts a spell.
Eustachio blinks!
Eustachio mumbles some strange words.
Eustachio blinks!
Eustachio casts a spell.
You block the river rat's attack.
You closely miss the river rat.
Eustachio gestures wildly while chanting.
The river rat closely misses you. You furiously retaliate!
You headbutt the river rat. You slash Eustachio!
You kill Eustachio!
Qazlal accepts your kill.
The river rat disappears in a puff of smoke!
The quokka disappears in a puff of smoke!
The rat disappears in a puff of smoke!
Your Axes skill increases to level 7!
No target in view!
Things that are here:
a +0 falchion; a +3 leather armour of willpower; the human corpse of Eustachio HP restored.
w - a glowing golden potion
Items here: )))) [ ††††.
k - 2 murky emerald potions (gained 1)
Things that are here:
a +0 trident; an orc corpse An ogre comes into view.
It is wielding a +0 giant club.
The ogre shouts!
You hear a shout!
The ogre moves out of view.
An ogre is nearby!
An ogre is nearby!
A goblin comes into view. It is wielding a +0 dagger.
Found a stone staircase leading down.
The goblin shouts!
The ogre hits you with a +0 giant club!
A phantom comes into view.
You closely miss the ogre. You slash the ogre!
The ogre is moderately wounded.
The ogre hits you with a +0 giant club!
You slash the ogre!
The ogre is almost dead.
The ogre hits you with a +0 giant club!
* * * LOW HITPOINT WARNING * * *
You are too injured to fight recklessly!
You are too injured to fight recklessly!
You are too injured to fight recklessly!
Unknown command.
You barely miss the ogre.
The ogre is almost dead.
The ogre hits you with a +0 giant club!!
You die...

#.#
###.#..####..............
#.#
#.##....###............
#..
####.###.............>....
#........#####.#..........
..####..## #........#.#.
##.##########.....
#........## ##...
#.........#. .#
#...@....... #..##O.##..#
#### g.... ....... .......
.>..... ....... .......


You could see an ogre and a goblin.

Vanquished Creatures
  Grinder (D:3)
  Eustachio (D:4)
  A phantom (D:4)
  A necrophage (D:4)
  2 scorpions (D:4)
  Jessica (D:3)
  A hound zombie (D:3)
  8 gnolls
  3 adders
  3 worms
  2 dart slugs
  5 orcs (D:4)
  7 ball pythons
  5 bats
  6 endoplasms
  A giant cockroach (D:1)
  9 goblins
  7 hobgoblins
  5 jackals (D:3)
  10 kobolds
  A quokka (D:2)
  A ball python zombie (D:3)
  A frilled lizard (D:2)
  4 rats
86 creatures vanquished.

Notes
Turn   | Place    | Note
-------+----------+-------------------------------------------
     0 | D:1      | Flugkiller the Minotaur Fighter began the quest for the
                  | Orb.
     0 | D:1      | Reached XP level 1. HP: 19/19 MP: 0/0
    46 | D:1      | Found a faded altar of an unknown god.
    89 | D:1      | Reached XP level 2. HP: 27/27 MP: 1/1
   107 | D:1      | Reached skill level 3 in Axes
   394 | D:2      | Reached XP level 3. HP: 31/33 MP: 2/2
   746 | D:2      | Reached skill level 4 in Axes
  1254 | D:1      | Reached XP level 4. HP: 36/41 MP: 3/3
  1520 | D:3      | Noticed Jessica
  1524 | D:3      | Killed Jessica
  1749 | D:3      | Found a hazy altar of Hepliaklqana.
  1750 | D:3      | Found a stormy altar of Qazlal.
  1774 | D:3      | Became a worshipper of Qazlal Stormbringer
  1864 | D:3      | Noticed Grinder
  1867 | D:3      | Paralysed by Grinder for 2 turns
  1877 | D:3      | HP: 1/41 [Grinder (5)]
  1879 | D:3      | Killed Grinder
  1880 | D:3      | Reached skill level 5 in Fighting
  1880 | D:3      | Reached skill level 5 in Axes
  1880 | D:3      | Reached skill level 5 in Armour
  1880 | D:3      | Reached skill level 1 in Invocations
  1880 | D:3      | Reached XP level 5. HP: 2/48 MP: 3/5
  1880 | D:3      | Reached XP level 6. HP: 2/56 MP: 3/6
  2403 | D:3      | Found a basalt altar of Yredelemnul.
  2466 | D:3      | Found a hide-covered altar of Uskayaw.
  2924 | D:4      | Reached skill level 6 in Axes
  3128 | D:4      | Reached XP level 7. HP: 45/60 MP: 7/7
  3266 | D:4      | Found a burning altar of Makhleb.
  3409 | D:4      | Noticed Eustachio
  3414 | D:4      | Reached * piety under Qazlal
  3584 | D:4      | Killed Eustachio
  3585 | D:4      | Reached skill level 7 in Axes
  3622 | D:4      | Slain by an ogre

Illustrated notes

Levels and vault maps discovered:
D:1:      dpeg_arrival_rooms_with_view, layout_basic,
          hellmonk_ecumenical_altar_pennies_from_heaven
D:2:      layout_rooms
D:3:      kennysheep_big_flooded_room, layout_loops_ring,
          lemuel_zombie_altar_yredelemnul, mainiacjoe_overflow_tiny_flanked,
          nicolae_overflow_squiral, uniq_jessica, uniq_grinder
D:4:      layout_rooms, lemuel_crystal_altar, minmay_misc_feat_pillars,
          kennysheep_doodads, st_stairs_5, nzn_random_ring, uniq_eustachio

Skill      XL: |  1  2  3  4  5  6  7 |
---------------+----------------------+-----
Axes           | 3 4 5 6 7 |  7.1
Fighting       | 4 5 |  5.9
Armour         | 4 5 |  5.9
Invocations    | 1 2 |  2.9
Shields        | |  3.6

Action                   |  1- 3 |  4- 6 |  7- 9 || total
-------------------------+-------+-------+-------++-------
Melee: War axe           |    62 |    96 |    38 ||   196
       Headbutt          |     8 |    19 |     7 ||    34
  Use: Potion            |       |     1 |       ||     1
Armor: Scale mail        |    29 |    46 |    15 ||    90
Dodge: Dodged            |    33 |    36 |    17 ||    86
Block: Buckler           |    16 |    21 |     6 ||    43
